 Dungeon Crawl Stone Soup version 0.27-a0-1442-g87b6fcb595 (webtiles) character file.

Game seed: 4188187867472793718

7600 quinnr the Zephyrmancer (level 11, -12/62 HPs)
             Began as a Tengu Air Elementalist on July 4, 2021.
             Was a Believer of Vehumet.
             Mangled by a four-headed hydra (15 damage)
             ... on level 11 of the Dungeon.
             The game lasted 00:28:04 (10945 turns).

quinnr the Zephyrmancer (Tengu Air Elementalist)   Turns: 10945, Time: 00:28:04

Health: -12/62     AC:  3    Str: 10    XL:     11   Next: 17%
Magic:  20/24      EV: 17    Int: 18    God:    Vehumet [**....]
Gold:   600        SH:  0    Dex: 14    Spells: 16/26 levels left

rFire    . . .     SeeInvis +   f - staff of air
rCold    . . .     Faith    .   (no shield)
rNeg     . . .     Spirit   .   a - +0 robe
rPois    .         Reflect  .   (helmet restricted)
rElec    +         Harm     .   C - +0 cloak {Will+}
rCorr    .         Rampage  .   (no gloves)
Will     +....                  (boots unavailable)
Stlth    +++.......             o - amulet of magic regeneration
HPRegen  0.20/turn              j - ring of see invisible
MPRegen  0.44/turn              (no ring)

@: on berserk cooldown, flying quickly and evasively, slowed, very slow
A: beak, talons 3, nimble flight
a: Renounce Religion


You were on level 11 of the Dungeon.
You worshipped Vehumet.
Vehumet was pleased with you.
You visited 2 branches of the dungeon, and saw 12 of its levels.

You collected 600 gold pieces.

Inventory:

Hand Weapons
 b - a +1 vampiric spear
 n - a +2 whip of holy wrath
 w - a +0 dagger of venom
Missiles
 z - a curare-tipped dart
 F - 3 throwing nets
Armour
 a - a +0 robe (worn)
 v - a +0 buckler
 C - a +0 cloak of willpower (worn)
Magical Staves
 f - a staff of air (weapon)
Jewellery
 j - a ring of see invisible (left hand)
 o - an amulet of magic regeneration (around neck)
 r - an amulet of the acrobat
Wands
 x - a wand of iceblast (10)
 y - a wand of flame (26)
 E - a wand of digging (4)
Scrolls
 k - a scroll of noise
 l - a scroll of blinking {unknown}
 s - 2 scrolls of enchant armour {unknown}
 t - a scroll of brand weapon {unknown}
 A - a scroll of magic mapping {unknown}
 D - a scroll of amnesia {unknown}
 H - a scroll of fog {unknown}
Potions
 c - 7 potions of flight
 d - 3 potions of lignification
 e - 3 potions of haste
 g - a potion of brilliance
 h - a potion of invisibility
 m - 2 potions of magic
 p - a potion of mutation
 q - 3 potions of curing
 B - 2 potions of degeneration


   Skills:
 + Level 4.9 Fighting
 - Level 6.0 Dodging
 - Level 4.0 Stealth
 - Level 4.0 Shields
 - Level 8.0 Spellcasting
 - Level 6.0 Conjurations
 - Level 14.0 Air Magic


You had 16 spell levels left.
You knew the following spells:

 Your Spells              Type           Power      Damage    Failure   Level
a - Shock                 Conj/Air       100%       1d9       1%          1
b - Airstrike             Air            36%        N/A       1%          4
c - Swiftness             Air            72%        N/A       1%          3
d - Poisonous Vapours     Pois/Air       96%        N/A       1%          2

Your spell library contained the following spells:

 Spells                   Type           Power      Damage    Failure   Level
 Stone Arrow              Conj/Erth      36%        3d9       9%          3
 Static Discharge         Conj/Air       59%        N/A       1%          2
 Freeze                   Ice            28%        1d5       10%         1
 Sandblast                Erth           14%        2d6       10%         1
 Passwall                 Tmut/Erth      5%         N/A       14%         2
 Frozen Ramparts          Ice            14%        1d3       28%         3
 Gell's Gravitas          Tloc           3%         N/A       28%         3
 Lesser Beckoning         Tloc           3%         N/A       28%         3
 Teleport Other           Tloc           7%         N/A       28%         3
 Hailstorm                Conj/Ice       18%        3d6       28%         4
 Sticky Flame             Conj/Fire      18%        2d4       28%         4
 Dispel Undead            Necr           7%         3d8       67%         4
 Lee's Rapid Deconstruct  Erth           3%         3d6*      95%         5


Dungeon Overview and Level Annotations

Branches:
Dungeon (11/15)            Temple (1/1) D:4             Orc (0/2) D:9
   Lair: D:8-11

Altars:
Ashenzari
Cheibriados
Dithmenos
Elyvilon
Fedhas
Gozag
Hepliaklqana
Kikubaaqudgha
Makhleb
Nemelex Xobeh
Okawaru
Qazlal
Ru
Sif Muna
Trog
Uskayaw
Vehumet
Wu Jian
Xom
Yredelemnul
Zin
The Shining One

Annotations:
D:11 Urug


Innate Abilities, Weirdness & Mutations

You have a beak for a mouth.
You have claws for feet.
Your magical nature lets you fly swiftly and evasively.


Message History

Confirm with . or Enter, or press ? or * to list all spells.
Aiming: Airstrike (safe; 1% risk of failure)
Press: ? - help, Dir - move target, f/p - two-headed ogre
Aim: a two-headed ogre, wielding two +0 giant spiked clubs (moderately wounded)
You feel a surge of power!
The air twists around and strikes the two-headed ogre!
The two-headed ogre is heavily wounded.
A four-headed hydra comes into view.
Aiming: Iceblast
Press: ? - help, Shift-Dir - straight line, p - two-headed ogre The mass of ice explodes!
The iceblast engulfs the troll!
The troll is moderately wounded.
The iceblast engulfs the two-headed ogre!
The two-headed ogre is severely wounded.
The four-headed hydra roars!
The troll misses you. The troll barely misses you.
The troll closely misses you.
A brown ugly thing comes into view.
Unknown command.
Casting: Airstrike (safe; 1% risk of failure)
Confirm with . or Enter, or press ? or * to list all spells.
Okay, then.
The troll completely misses you. The troll claws you!
The troll completely misses you.
A two-headed ogre comes into view. It is wielding two +0 giant clubs.
The two-headed ogre barely misses you. The two-headed ogre misses you.
The four-headed hydra completely misses you.
The four-headed hydra barely misses you.
The four-headed hydra bites you! The four-headed hydra misses you.
The troll bites you. The troll claws you! The troll closely misses you.
As you read the scroll labelled YNOETI RUFFI, it crumbles to dust.
You hear a loud clanging noise!
It was a scroll of noise.
You hear a roar!
You hear two shouts!
You hear a bellow! x3
The four-headed hydra misses you. The four-headed hydra bites you.
* * * LOW HITPOINT WARNING * * *
The four-headed hydra bites you!
* * * LOW HITPOINT WARNING * * *
The four-headed hydra bites you!
You die...

############
#.OT@.......
#.OD........
#####...........
........u........
..............)..
.#####...........
#...........
#.......(...
#...........


You could see a four-headed hydra, a brown ugly thing, 2 two-headed ogres and a
troll.

Vanquished Creatures
  Harold (D:9)
  A cyclops (D:9)
  Maurice (D:8)
  An unseen horror (D:10)
  A komodo dragon (D:10)
  A hornet (D:9)
  A water elemental (D:11)
  14 yaks
  Sigmund (D:2)
  A vampire (D:9)
  A wraith (D:9)
  A wyvern (D:9)
  A steam dragon (D:6)
  A vampire mosquito (D:11)
  2 water moccasins
  A black bear (D:4)
  An ice beast (D:4)
  An orc warrior (D:8)
  A sky beast (D:7)
  A necrophage (D:7)
  2 ogres (D:7)
  A centaur (D:5)
  A kobold brigand (D:7)
  A bullfrog (D:6)
  2 scorpions
  A water moccasin skeleton (D:5)
  2 electric eels (D:11)
  3 howler monkeys (D:9)
  3 centaur zombies
  A bullfrog zombie (D:6)
  3 hounds
  3 gnoll shamans
  3 orc priests
  A bullfrog skeleton (D:4)
  Jessica (D:2)
  4 iguanas
  8 orc wizards
  A hound skeleton (D:4)
  17 gnolls
  3 adders
  2 white imps (D:7)
  An ufetubus (D:4)
  6 worms
  2 dart slugs (D:1)
  25 orcs
  9 ball pythons
  6 endoplasms
  6 giant cockroaches
  5 goblins
  9 hobgoblins
  10 jackals
  16 kobolds
  4 quokkas
  3 bats
  A frilled lizard (D:1)
  9 rats
209 creatures vanquished.

Notes
Turn   | Place    | Note
-------+----------+-------------------------------------------
     0 | D:1      | quinnr the Tengu Air Elementalist began the quest for the
                  | Orb.
     0 | D:1      | Reached XP level 1. HP: 10/10 MP: 4/4
   203 | D:1      | Reached XP level 2. HP: 13/15 MP: 1/6
   402 | D:1      | Reached skill level 5 in Air Magic
   463 | D:1      | Found a faded altar of an unknown god.
   591 | D:1      | Reached XP level 3. HP: 13/19 MP: 0/7
  1039 | D:1      | Reached skill level 6 in Air Magic
  1158 | D:2      | Noticed Sigmund
  1395 | D:3      | Reached XP level 4. HP: 19/24 MP: 4/8
  1732 | D:3      | Reached skill level 7 in Air Magic
  2344 | D:4      | Learned a level 4 spell: Airstrike
  2357 | D:4      | Noticed a black bear
  2366 | D:4      | Gained mutation: Your magical nature lets you fly swiftly
                  | and evasively. [Tengu growth]
  2366 | D:4      | Reached XP level 5. HP: 28/28 MP: 5/9
  2487 | D:4      | Killed a black bear
  2488 | D:4      | Reached skill level 8 in Air Magic
  2488 | D:4      | Reached XP level 6. HP: 32/32 MP: 1/10
  2584 | D:4      | Reached skill level 9 in Air Magic
  2699 | D:4      | Noticed an ice beast
  2725 | D:4      | Killed an ice beast
  2943 | D:2      | Killed Sigmund
  2944 | D:2      | Reached skill level 10 in Air Magic
  2944 | D:2      | Reached XP level 7. HP: 29/36 MP: 0/11
  3493 | D:2      | Noticed Jessica
  3495 | D:2      | Killed Jessica
  3882 | D:4      | Noticed a yak
  3892 | D:4      | Noticed a yak
  3892 | D:4      | Noticed a yak
  3893 | D:4      | Noticed a yak
  3941 | D:3      | Killed a yak
  4148 | D:4      | Noticed a yak
  4212 | D:3      | Killed a yak
  4213 | D:3      | Reached XP level 8. HP: 20/41 MP: 1/13
  4265 | D:3      | Killed a yak
  4266 | D:3      | Reached skill level 11 in Air Magic
  4486 | D:4      | Noticed a yak
  4496 | D:3      | Killed a yak
  4702 | D:3      | Killed a yak
  4714 | D:3      | Killed a yak
  4841 | D:4      | Identified a scroll of acquirement
  4848 | D:4      | Acquired a staff of air
  4904 | D:4      | Found a staircase to the Ecumenical Temple.
  4922 | Temple   | Entered the Ecumenical Temple
  4951 | Temple   | Became a worshipper of Vehumet
  6033 | D:4      | Reached skill level 12 in Air Magic
  6473 | D:5      | Entered Level 5 of the Dungeon
  6524 | D:5      | Reached XP level 9. HP: 42/45 MP: 9/16
  6710 | D:5      | Reached * piety under Vehumet
  6710 | D:5      | Offered knowledge of Magic Dart by Vehumet.
  6717 | D:5      | Reached skill level 13 in Air Magic
  7186 | D:5      | Found a sacrificial altar of Ru.
  7929 | D:6      | Learned a level 3 spell: Swiftness
  8203 | D:7      | Reached skill level 1 in Fighting
  8203 | D:7      | Reached skill level 1 in Shields
  8409 | D:7      | Reached skill level 14 in Air Magic
  8621 | D:7      | Offered knowledge of Poisonous Vapours by Vehumet.
  8625 | D:7      | Learned a level 2 spell: Poisonous Vapours
  8785 | D:7      | Reached ** piety under Vehumet
  8938 | D:8      | Noticed Maurice
  8943 | D:8      | Killed Maurice
  8944 | D:8      | Reached skill level 5 in Dodging
  8944 | D:8      | Reached skill level 5 in Spellcasting
  8944 | D:8      | Reached XP level 10. HP: 53/53 MP: 3/18
  9505 | D:8      | You are sucked into a shaft and drop 1 floor!
  9506 | D:9      | Noticed a cyclops
  9508 | D:9      | Killed a cyclops
  9581 | D:9      | Found a staircase to the Orcish Mines.
 10053 | D:9      | Reached skill level 5 in Conjurations
 10150 | D:9      | Offered knowledge of Stone Arrow by Vehumet.
 10416 | D:9      | Noticed Harold
 10421 | D:9      | Killed Harold
 10422 | D:9      | Reached XP level 11. HP: 59/59 MP: 8/24
 10690 | D:10     | Entered Level 10 of the Dungeon
 10834 | D:10     | You are sucked into a shaft and drop 1 floor!
 10910 | D:11     | Noticed Urug
 10913 | D:11     | Noticed a two-headed ogre
 10938 | D:11     | Noticed a two-headed ogre
 10940 | D:11     | Noticed a four-headed hydra
 10941 | D:11     | Noticed a brown ugly thing
 10943 | D:11     | Noticed a two-headed ogre
 10945 | D:11     | HP: 3/62 [four-headed hydra (15)]
 10945 | D:11     | Mangled by a four-headed hydra

Illustrated notes

Levels and vault maps discovered:
D:1:      amcnicky_arrival_wind_blow, layout_basic,
          chequers_ecumenical_altar_island
D:2:      layout_basic, minmay_misc_feat_iff, minmay_fractal_squares_gapless_5,
          uniq_sigmund, uniq_jessica
D:3:      layout_loops_corners, cheibrodos_sewer_entry_bend,
          columned_hall_lemuel, serial_park_tiny_pond
D:4:      layout_basic, temple_pool_b
D:5:      layout_loops_ring, nicolae_ru_the_path_less_chosen
D:6:      layout_rooms
D:7:      layout_cave_pools
D:8:      layout_rooms, uniq_maurice
D:9:      layout_small_grid, orc_0_dummy, uniq_harold
D:10:     layout_loops_ring, nicolae_trove_entry_columns,
          kennysheep_opposing_triangles
D:11:     layout_basic, david_lair_generic, serial_shops, shop_fountains,
          uniq_snorg, uniq_urug, uniq_fannar
Temple:   nicolae_temple_the_god_donut

Skill      XL: |  1  2  3  4  5  6  7  8  9 10 11 |
---------------+----------------------------------+-----
Air Magic      | 5 6 7 8 10 12 14 | 14.0
Dodging        | 3 4 5 6 |  6.0
Stealth        | 3 4 |  4.0
Spellcasting   | 4 5 8 |  8.0
Fighting       | 2 4 |  4.9
Shields        | 2 4 |  4.0
Conjurations   | 6 |  6.0

Action                   |  1- 3 |  4- 6 |  7- 9 | 10-12 || total
-------------------------+-------+-------+-------+-------++-------
Melee: Spear             |    52 |    25 |     9 |       ||    86
       Kick              |     6 |     7 |     1 |       ||    14
       Peck              |     4 |     6 |       |     1 ||    11
       Staff             |       |       |       |     4 ||     4
 Cast: Shock             |    73 |    50 |    81 |    20 ||   224
       Airstrike         |       |     7 |   109 |    82 ||   198
       Poisonous Vapours |       |       |     2 |     8 ||    10
Evoke: Wand              |       |       |       |     5 ||     5
  Use: Scroll            |     1 |       |     7 |     6 ||    14
       Potion            |       |     2 |       |     2 ||     4
Armor: Robe              |    11 |     4 |     9 |     2 ||    26
Dodge: Dodged            |    41 |    32 |    40 |    28 ||   141

Table legend: (Time is in decaauts)
 A = Elapsed time spent in this place.
 B = Non-inter-level travel time spent in this place.
 C = Inter-level travel time spent in this place.
 D = Time resting spent in this place.
 E = Time spent auto-exploring this place.
 F = Levels seen in this place.
 G = Mean time per level.
                   A        B        C        D        E       F      G
               +--------+--------+--------+--------+--------+-----+--------+
         Total |  10479 |   9971 |    508 |   1665 |   6381 |  12 |  873.2 |
       Dungeon |   9833 |   9354 |    479 |   1649 |   5784 |  11 |  893.9 |
        Temple |    645 |    617 |     28 |     16 |    596 |   1 |  645.0 |
               +--------+--------+--------+--------+--------+-----+--------+

Top non-repeatable levels by time:
     D:3: 2272 daAuts
     D:1: 1310 daAuts
     D:4: 1201 daAuts
     D:7: 1060 daAuts
     D:5: 924 daAuts
     D:2: 833 daAuts
     D:9: 749 daAuts
     D:6: 664 daAuts
  Temple: 645 daAuts
     D:8: 621 daAuts
    D:11: 109 daAuts
    D:10: 87 daAuts
